PBL
MIAMI BEACH MARLINS @ JOPLIN BLASTERS
10/11/2049
 
TOP OF THE 1ST
Palm Beach Nationals batting - Pitching for Miami Beach Marlins : RHP Carlos Vara
Pitching: RHP Carlos Vara
Batting: LHB R.J. O'Brien 0-0: Ball
1-0: SINGLE (Line Drive, 78S, EV 102.5 MPH)
Batting: LHB Xavier Pittman 0-0: Ball
1-0: Ball
2-0: Ball
3-0: Called Strike
3-1: Base on Balls
R.J. O'Brien to second
Batting: RHB Chris Lee 0-0: Called Strike
0-1: Called Strike
R.J. O'Brien steals 3rd base
Xavier Pittman to second
0-2: Ball
1-2: Ball
2-2: Foul Ball, location: 2F
2-2: Fly out, F8 (Flyball, 78D, EV 108.1 MPH)
Runner from 3rd tags up, SCORES, throw by CF
Xavier Pittman to third
Batting: RHB Shunji Nakamura 0-0: Called Strike
0-1: Foul Ball, location: 2F
0-2: Foul Ball, location: 2F
0-2: Ball
1-2: Fly out, F7 (Flyball, 7LS, EV 97.5 MPH)
Runner from 3rd tags up, SCORES, throw by LF
Batting: RHB Eric Cochran 0-0: Ball
1-0: Fly out, F4 (Popup, 34S, EV 77.5 MPH)
Top of the 1st over - 2 runs, 1 hit, 0 errors, 0 left on base; Palm Beach 2 - Miami Beach 0
BOTTOM OF THE 1ST
Miami Beach Marlins batting - Pitching for Palm Beach Nationals : RHP Kevin Holt
Pitching: RHP Kevin Holt
Batting: LHB Mike Sammons 0-0: Called Strike
0-1: Foul Ball, location: 2F
0-2: Ball
1-2: Foul Ball, location: 2F
1-2: Ball
2-2: Ball
3-2: SINGLE (Groundball, 4S, EV 61.9 MPH) (infield hit)
Batting: RHB Ethan Roberts 0-0: Ball
1-0: Foul Ball, location: 2F
1-1: SINGLE (Line Drive, 6M, EV 104.4 MPH)
Mike Sammons to second
Batting: SHB Carlos Rodriguez 0-0: Called Strike
0-1: Ball
1-1: Fly out, F4 (Popup, 34, EV 65.6 MPH)
Batting: RHB Armando Colon 0-0: Called Strike
0-1: Foul Ball, location: 2F
0-2: Strikes out looking
Batting: SHB Bill Burd 0-0: Ball
1-0: Ball
2-0: Ball
3-0: Called Strike
3-1: Ground out 4-3 (Groundball, 34, EV 106.9 MPH)
Bottom of the 1st over - 0 runs, 2 hits, 0 errors, 2 left on base; Palm Beach 2 - Miami Beach 0
TOP OF THE 2ND
Palm Beach Nationals batting - Pitching for Miami Beach Marlins : RHP Carlos Vara
Batting: RHB Jody Breese 0-0: Called Strike
0-1: Called Strike
0-2: Ball
1-2: Strikes out swinging, 2-3 out at first.
Batting: RHB Tyler Young 0-0: Ball
1-0: Called Strike
1-1: Ball
2-1: Ball
3-1: Foul Ball, location: 2F
3-2: Foul Ball, location: 2F
3-2: Ground out U3 (Groundball, 34S, EV 66.3 MPH)
Batting: SHB Noah Cody 0-0: Fly out, F8 (Line Drive, 8RD, EV 105.0 MPH)
Top of the 2nd over - 0 runs, 0 hits, 0 errors, 0 left on base; Palm Beach 2 - Miami Beach 0
BOTTOM OF THE 2ND
Miami Beach Marlins batting - Pitching for Palm Beach Nationals : RHP Kevin Holt
Batting: LHB Kyle Goodwin 0-0: Ground out U3 (Groundball, 3L, EV 81.9 MPH)
Batting: RHB Kenny Dickey 0-0: Called Strike
0-1: Foul Ball, location: 2F
0-2: Strikes out swinging
Batting: RHB Mark Moore 0-0: Ball
1-0: SINGLE (Line Drive, 6MD, EV 107.5 MPH)
Batting: RHB Carlos Vara 0-0: Fly out, F8 (Flyball, 8LD, EV 84.4 MPH)
Bottom of the 2nd over - 0 runs, 1 hit, 0 errors, 1 left on base; Palm Beach 2 - Miami Beach 0
TOP OF THE 3RD
Palm Beach Nationals batting - Pitching for Miami Beach Marlins : RHP Carlos Vara
Batting: RHB Kevin Holt 0-0: Ball
1-0: Swinging Strike
1-1: SINGLE (Groundball, 4MD, EV 98.1 MPH)
Batting: LHB R.J. O'Brien 0-0: Foul Ball, location: 2F
0-1: Ball
1-1: SINGLE (Groundball, 56D, EV 93.8 MPH)
Kevin Holt to second
Batting: LHB Xavier Pittman 0-0: Foul Ball, location: 2F
0-1: Called Strike
0-2: Fielders Choice at 2nd, 4-6 (Groundball, 34, EV 86.9 MPH)
Kevin Holt to third
Batting: RHB Chris Lee 0-0: Foul Ball, location: 2F
0-1: Foul Ball, location: 2F
0-2: Ball
1-2: Ball
2-2: SINGLE (Groundball, 6MD, EV 108.8 MPH)
Kevin Holt scores
Xavier Pittman to second
Batting: RHB Shunji Nakamura 0-0: Called Strike
Xavier Pittman steals 3rd base
0-1: Ball
1-1: Ball
2-1: Foul Ball, location: 2F
2-2: Ball
3-2: SINGLE (Line Drive, 6D, EV 99.4 MPH)
Xavier Pittman scores
Chris Lee to second
Chris Lee to third
Batting: RHB Eric Cochran 0-0: Grounds into double play, 5-4-3 (Groundball, 56, EV 105.6 MPH)
Top of the 3rd over - 2 runs, 4 hits, 0 errors, 1 left on base; Palm Beach 4 - Miami Beach 0
BOTTOM OF THE 3RD
Miami Beach Marlins batting - Pitching for Palm Beach Nationals : RHP Kevin Holt
Batting: LHB Mike Sammons 0-0: Ball
1-0: Ball
2-0: Ball
3-0: Base on Balls
Batting: RHB Ethan Roberts 0-0: Ball
1-0: SINGLE (Groundball, 34S, EV 79.4 MPH) (infield hit)
Mike Sammons to second
Batting: SHB Carlos Rodriguez 0-0: Foul Ball, location: 2F
0-1: Ball
1-1: Ball
2-1: Foul Ball, location: 2F
2-2: Fly out, F8 (Flyball, 8LD, EV 86.3 MPH)
Batting: RHB Armando Colon 0-0: Foul Ball, location: 2F
0-1: Ball
1-1: Called Strike
1-2: Foul Ball, location: 2F
1-2: 3-RUN HOME RUN (Flyball, 7D, EV 95.0 MPH), Distance : 392 ft
Batting: SHB Bill Burd 0-0: Ball
1-0: Called Strike
1-1: Called Strike
1-2: Foul Ball, location: 2F
1-2: Ball
2-2: Strikes out swinging
Batting: LHB Kyle Goodwin 0-0: Ball
1-0: Fly out, F8 (Flyball, 8RXD, EV 96.9 MPH)
Bottom of the 3rd over - 3 runs, 2 hits, 0 errors, 0 left on base; Palm Beach 4 - Miami Beach 3
TOP OF THE 4TH
Palm Beach Nationals batting - Pitching for Miami Beach Marlins : RHP Carlos Vara
Batting: RHB Jody Breese 0-0: Ball
1-0: Foul Ball, location: 2F
1-1: Foul Ball, location: 2F
1-2: Strikes out swinging
Batting: RHB Tyler Young 0-0: Swinging Strike
0-1: Ball
1-1: Ball
2-1: Fly out, F7 (Flyball, 7S, EV 76.9 MPH)
Batting: SHB Noah Cody 0-0: Called Strike
0-1: Ground out 1-3 (Groundball, P, EV 88.8 MPH)
Top of the 4th over - 0 runs, 0 hits, 0 errors, 0 left on base; Palm Beach 4 - Miami Beach 3
BOTTOM OF THE 4TH
Miami Beach Marlins batting - Pitching for Palm Beach Nationals : RHP Kevin Holt
Batting: RHB Kenny Dickey 0-0: Ground out 6-3 (Groundball, 6, EV 101.3 MPH)
Batting: RHB Mark Moore 0-0: Ball
1-0: Ball
2-0: Called Strike
2-1: Swinging Strike
2-2: Fly out, F8 (Line Drive, 8RM, EV 108.1 MPH)
Batting: RHB Carlos Vara 0-0: Swinging Strike
0-1: Ball
1-1: Foul Ball, location: 2F
1-2: Ground out U3 (Groundball, 3, EV 86.3 MPH)
Bottom of the 4th over - 0 runs, 0 hits, 0 errors, 0 left on base; Palm Beach 4 - Miami Beach 3
TOP OF THE 5TH
Palm Beach Nationals batting - Pitching for Miami Beach Marlins : RHP Carlos Vara
Batting: RHB Kevin Holt 0-0: Ground out 6-3 (Groundball, 6, EV 99.4 MPH)
Batting: LHB R.J. O'Brien 0-0: Called Strike
0-1: Foul Ball, location: 2F
0-2: Fly out, F7 (Flyball, 78S, EV 90.0 MPH)
Batting: LHB Xavier Pittman 0-0: Ball
1-0: Called Strike
1-1: Ball
2-1: Called Strike
2-2: Ball
3-2: Base on Balls
Batting: RHB Chris Lee 0-0: Called Strike
0-1: Called Strike
0-2: Ball
1-2: Fly out, F8 (Flyball, 78D, EV 108.1 MPH)
Top of the 5th over - 0 runs, 0 hits, 0 errors, 1 left on base; Palm Beach 4 - Miami Beach 3
BOTTOM OF THE 5TH
Miami Beach Marlins batting - Pitching for Palm Beach Nationals : RHP Kevin Holt
Batting: LHB Mike Sammons 0-0: Called Strike
0-1: Ball
1-1: Ball
2-1: Foul Ball, location: 2F
2-2: Ball
3-2: Fly out, F9 (Flyball, 9S, EV 93.1 MPH)
Batting: RHB Ethan Roberts 0-0: Called Strike
0-1: Fly out, F3 (Popup, 3S, EV 84.4 MPH)
Batting: SHB Carlos Rodriguez 0-0: Called Strike
0-1: Ground out 4-3 (Groundball, 4S, EV 86.9 MPH)
Bottom of the 5th over - 0 runs, 0 hits, 0 errors, 0 left on base; Palm Beach 4 - Miami Beach 3
TOP OF THE 6TH
Palm Beach Nationals batting - Pitching for Miami Beach Marlins : RHP Carlos Vara
Batting: RHB Shunji Nakamura 0-0: Foul Ball, location: 2F
0-1: Foul Ball, location: 2F
0-2: Foul Ball, location: 2F
0-2: Fly out, F5 (Popup, 5SF, EV 68.1 MPH)
Batting: RHB Eric Cochran 0-0: Ball
1-0: Called Strike
1-1: Swinging Strike
1-2: Ball
2-2: Strikes out swinging
Batting: RHB Jody Breese 0-0: Ball
1-0: Foul Ball, location: 2F
1-1: Foul Ball, location: 2F
1-2: Strikes out swinging
Top of the 6th over - 0 runs, 0 hits, 0 errors, 0 left on base; Palm Beach 4 - Miami Beach 3
BOTTOM OF THE 6TH
Miami Beach Marlins batting - Pitching for Palm Beach Nationals : RHP Kevin Holt
Batting: RHB Armando Colon 0-0: Ball
1-0: Hit by Pitch
Pitching: RHP Shane Walker
Batting: SHB Bill Burd 0-0: Called Strike
0-1: Ball
1-1: Ball
2-1: Ground out 4-3 (Groundball, 4S, EV 76.3 MPH)
Armando Colon to second
Batting: LHB Kyle Goodwin 0-0: Ball
1-0: Swinging Strike
1-1: Ball
2-1: Foul Ball, location: 2F
2-2: Strikes out looking
Batting: RHB Kenny Dickey 0-0: Ball
1-0: Ground out 6-3 (Groundball, 6S, EV 61.3 MPH)
Bottom of the 6th over - 0 runs, 0 hits, 0 errors, 1 left on base; Palm Beach 4 - Miami Beach 3
TOP OF THE 7TH
Palm Beach Nationals batting - Pitching for Miami Beach Marlins : RHP Carlos Vara
Pitching: RHP Rocky Wright
Batting: RHB Tyler Young 0-0: Ball
1-0: Called Strike
1-1: Ground out 6-3 (Groundball, 6MS, EV 93.1 MPH)
Batting: SHB Noah Cody 0-0: Called Strike
0-1: Ball
1-1: Ball
2-1: Ball
3-1: Base on Balls
Batting: SHB Shane Walker 0-0: Bunted foul
0-1: Sac Bunt to 15S - play at first, batter OUT! 1-4
Noah Cody to second
Batting: LHB R.J. O'Brien 0-0: Intentional Walk
Batting: LHB Xavier Pittman 0-0: Called Strike
0-1: Fly out, F9 (Flyball, 9S, EV 73.1 MPH)
Top of the 7th over - 0 runs, 0 hits, 0 errors, 2 left on base; Palm Beach 4 - Miami Beach 3
BOTTOM OF THE 7TH
Miami Beach Marlins batting - Pitching for Palm Beach Nationals : RHP Shane Walker
Batting: RHB Mark Moore 0-0: Ball
1-0: Ball
2-0: Called Strike
2-1: Ball
3-1: Base on Balls
Pinch Hitting: LHB Mike Gibbs 0-0: Ball
1-0: Ball
2-0: Called Strike
Mark Moore is caught stealing 2nd base 2-6
2-1: Foul Ball, location: 2F
2-2: Foul Ball, location: 2F
2-2: Foul Ball, location: 2F
2-2: Ball
3-2: Ground out 1-3 (Groundball, P, EV 87.5 MPH)
Batting: LHB Mike Sammons 0-0: Foul Ball, location: 7LSF, Error on foul ball, E7
0-1: Ground out 4-3 (Groundball, 4, EV 100.6 MPH)
Bottom of the 7th over - 0 runs, 0 hits, 1 error, 0 left on base; Palm Beach 4 - Miami Beach 3
TOP OF THE 8TH
Palm Beach Nationals batting - Pitching for Miami Beach Marlins : RHP Rocky Wright
Pitching: LHP Oscar Patron
Batting: RHB Chris Lee 0-0: Fly out, F8 (Flyball, 8LM, EV 81.3 MPH)
Batting: RHB Shunji Nakamura 0-0: Called Strike
0-1: Fly out, F8 (Flyball, 8RS, EV 82.5 MPH)
Batting: RHB Eric Cochran 0-0: Ball
1-0: Ball
2-0: Ground out 5-3 (Groundball, 56, EV 77.5 MPH)
Top of the 8th over - 0 runs, 0 hits, 0 errors, 0 left on base; Palm Beach 4 - Miami Beach 3
BOTTOM OF THE 8TH
Miami Beach Marlins batting - Pitching for Palm Beach Nationals : RHP Shane Walker
Pitching: LHP Raul Gurrola
Batting: RHB Ethan Roberts 0-0: Fly out, F6 (Flyball, 56D, EV 92.5 MPH)
Batting: SHB Carlos Rodriguez 0-0: Ground out 6-3 (Groundball, 6, EV 85.6 MPH)
Batting: RHB Armando Colon 0-0: Swinging Strike
0-1: SINGLE (Line Drive, 7LM, EV 105.0 MPH)
Batting: SHB Bill Burd 0-0: Fly out, F8 (Flyball, 89D, EV 87.5 MPH)
Bottom of the 8th over - 0 runs, 1 hit, 0 errors, 1 left on base; Palm Beach 4 - Miami Beach 3
TOP OF THE 9TH
Palm Beach Nationals batting - Pitching for Miami Beach Marlins : LHP Oscar Patron
Pitching: LHP Jose Aguilar
Batting: RHB Jody Breese 0-0: Foul Ball, location: 2F
0-1: Foul Ball, location: 2F
0-2: Strikes out swinging
Batting: RHB Tyler Young 0-0: Ball
1-0: Called Strike
1-1: Ball
2-1: Swinging Strike
2-2: Foul Ball, location: 2F
2-2: Strikes out swinging
Batting: SHB Noah Cody 0-0: Swinging Strike
0-1: Swinging Strike
0-2: Fly out, F7 (Flyball, 78D, EV 101.9 MPH)
Top of the 9th over - 0 runs, 0 hits, 0 errors, 0 left on base; Palm Beach 4 - Miami Beach 3
BOTTOM OF THE 9TH
Miami Beach Marlins batting - Pitching for Palm Beach Nationals : LHP Raul Gurrola
Pinch Hitting: RHB Matt Stirk 0-0: Called Strike
0-1: Ball
1-1: Fly out, F7 (Flyball, 7LMF, EV 92.5 MPH)
Pinch Hitting: RHB Adonis Moody 0-0: Ball
1-0: Fly out, F8 (Flyball, 8RS, EV 88.8 MPH)
Pinch Hitting: RHB Tony Galvan 0-0: Ball
1-0: Fly out, F8 (Flyball, 78S, EV 93.8 MPH)
Bottom of the 9th over - 0 runs, 0 hits, 0 errors, 0 left on base; Palm Beach 4 - Miami Beach 3
Sunday, July 16th , 2023 - OOTP Baseball 24.6 Build 69